 Dungeon Crawl Stone Soup version 0.22-a0-223-g0f5d773 (webtiles) character file.

21 MatthieuS the Gusty (level 2, 0/22 HPs)
             Began as a Centaur Air Elementalist on Feb 18, 2018.
             Succumbed to an adder's poison
             ... on level 2 of the Dungeon.
             The game lasted 00:03:01 (940 turns).

MatthieuS the Gusty (Centaur Air Elementalist)       Turns: 940, Time: 00:03:02

Health: 0/22       AC:  4    Str: 10    XL:     2   Next: 65%
Magic:  1/5        EV: 10    Int: 14    God:
Gold:   46         SH:  0    Dex:  9    Spells: 4/5 levels left

rFire    . . .     SeeInvis .   (no weapon)
rCold    . . .     Gourm    .   (no shield)
rNeg     . . .     Faith    .   a - +0 robe
rPois    .         Spirit   .   (no helmet)
rElec    .         Reflect  .   (no cloak)
rCorr    .         Harm     .   (no gloves)
MR       .....                  (no barding)
Stlth    +.........             (no amulet)
HPRegen  0.07/turn              (no ring)
MPRegen  0.09/turn              (no ring)

@: lethally poisoned (0 -> -12), very slightly contaminated, very quick
A: large, hooves 3, deformed body, speed 2, tough skin 3
a: no special abilities


You were on level 2 of the Dungeon.
You were not hungry.

You visited 1 branch of the dungeon, and saw 2 of its levels.

You collected 46 gold pieces.

Inventory:

Missiles
 g - 12 arrows
Armour
 a - a +0 robe (worn)
Jewellery
 j - a cursed -2 ring of intelligence {unknown}
Scrolls
 c - a scroll of fog {unknown}
 d - a scroll of amnesia {unknown}
 f - 2 scrolls of identify {unknown}
 h - a scroll of enchant weapon {unknown}
 i - a scroll of teleportation {unknown}
Potions
 e - 2 potions of heal wounds {unknown}
 l - a potion of degeneration {unknown}
Comestibles
 b - a ration
 k - 3 chunks of flesh


   Skills:
 + Level 0.8 Fighting
 + Level 1.5 Dodging
 - Level 1.1 Stealth
 * Level 2.0 Spellcasting
 + Level 1.2 Conjurations
 + Level 2.8 Air Magic


You had 4 spell levels left.
You knew the following spells:

 Your Spells              Type           Power        Failure   Level  Hunger
a - Shock                 Conj/Air       #...         11%         1    ##.....


Dungeon Overview and Level Annotations

Branches:
Dungeon (2/15)

Altars:


Innate Abilities, Weirdness & Mutations

You have hooves in place of feet.
Armour fits poorly on your strangely shaped body.
You cover ground very quickly.
You have extremely tough skin. (AC +3)


Message History

The adder is almost dead.
The adder bites you but does no damage.
You closely miss the adder.
The adder is almost dead.
The adder bites you.
* * * LOW HITPOINT WARNING * * *
You are more poisoned.
The adder poisons you!
You barely miss the adder.
The adder is almost dead.
The adder bites you.
* * * LOW HITPOINT WARNING * * *
You are more poisoned.
The adder poisons you! The adder bites you.
* * * LOW HITPOINT WARNING * * *
Unknown command.
Unknown command.
You barely miss the adder.
The adder is almost dead.
You die... ########### #<.@S...... ###########

You could see an adder.

Vanquished Creatures
  A gnoll (D:1)
  A leopard gecko (D:1)
  4 bats (D:1)
  2 giant cockroaches (D:1)
  2 goblins (D:1)
  A rat (D:1)
11 creatures vanquished.

Notes
Turn   | Place    | Note
-------+----------+-------------------------------------------
     0 | D:1      | MatthieuS the Centaur Air Elementalist began the quest for the Orb.
     0 | D:1      | Reached XP level 1. HP: 14/14 MP: 3/3
   132 | D:1      | Reached skill level 1 in Conjurations
   324 | D:1      | Reached XP level 2. HP: 5/22 MP: 0/4
   939 | D:2      | HP: 1/22 [adder (3)]
   940 | D:2      | Succumbed to an adder's poison

Vault maps used:
D:1:      onia_arrival_mini_maze, feat_on_display

Skill      XL: |  1  2 |
---------------+-------+-----
Conjurations   | 1 |  1.2
Spellcasting   | 2 |  2.0
Fighting       | |  0.8
Dodging        | |  1.5
Stealth        | |  1.1
Air Magic      | |  2.8

Action                   || total
-------------------------++-------
Melee: Unarmed           ||    37
       Kick              ||     4
 Cast: Shock             ||    29
Armor: Robe              ||    29
Dodge: Dodged            ||    53

Table legend:
 A = Spawn XP
 B = Non-spawn XP
 C = Spawn XP percentage of total XP
 D = Spawn monster count
 E = Non-spawn monster count
 F = Spawn count percentage of total count
 G = Total turns spent on level
                    A         B        C        D         E        F      G
               +---------+---------+-------+---------+---------+-------+---------
         Total |       0 |      31 |   0.0 |       0 |      11 |   0.0 |   940
               +---------+---------+-------+---------+---------+-------+---------
           D:1 |       0 |      31 |   0.0 |       0 |      11 |   0.0 |   919
               +---------+---------+-------+---------+---------+-------+---------
